 Dungeon Crawl Stone Soup version 0.20.1-1-g8b1a95d66d (webtiles) character file.

731 Ivernyr the Slinger (level 8, -9/52 HPs)
             Began as a Halfling Hunter on Dec 5, 2017.
             Was a Follower of Elyvilon.
             Mangled by an ogre
             ... wielding a +0 giant club
              (27 damage)
             ... on level 5 of the Dungeon.
             The game lasted 00:23:57 (6973 turns).

Ivernyr the Slinger (Halfling Hunter)               Turns: 6973, Time: 00:23:58

Health: -9/52      AC:  7    Str: 13    XL:     8   Next: 3%
Magic:  8/8        EV: 17    Int:  5    God:    Elyvilon [*.....]
Gold:   380        SH:  0    Dex: 17    Spells: 7/7 levels left

rFire    . . .     SeeInvis +   a - +0 fustibalus
rCold    . . .     Gourm    +   (shield restricted)
rNeg     . . .     Faith    .   c - +0 leather armour
rPois    +         Spirit   .   (no helmet)
rElec    .         Reflect  .   (no cloak)
rCorr    .         Harm     .   (no gloves)
MR       .....                  (no boots)
Stlth    ++........             B - amulet "Pocredisei" {Gourm rPois Int-4 SInv}
Regen    0.2/turn               x - +4 ring of protection
MPRegen  0.2/turn               (no ring)

@: no status effects
A: mutation resistance 1
a: Lesser Healing, Divine Protection, Renounce Religion


You were on level 5 of the Dungeon.
You worshipped Elyvilon.
Elyvilon was aware of your devotion.
You were very hungry.

You visited 1 branch of the dungeon, and saw 5 of its levels.
You also visited: Sewer.

You collected 380 gold pieces.

Inventory:

Hand Weapons
 a - a +0 fustibalus (weapon)
 b - a +0 short sword
Missiles
 d - 39 sling bullets
 e - 217 stones (quivered)
 g - 2 throwing nets
Armour
 c - a +0 leather armour (worn)
 y - a +0 buckler
Jewellery
 x - a +4 ring of protection (left hand)
 B - the amulet "Pocredisei" (around neck) {Gourm rPois Int-4 SInv}
   (You found it on level 4 of the Dungeon)

   [amulet of the gourmand]

   It allows you to eat raw meat even when not hungry.
   It affects your intelligence (-4).
   It protects you from poison.
   It lets you see invisible.
Wands
 D - a wand of flame (27/48)
Scrolls
 j - a scroll of noise {unknown}
 m - 2 scrolls of remove curse
 n - 2 scrolls of fear
 o - 6 scrolls of teleportation
 p - a scroll of random uselessness {unknown}
 r - a scroll of fog {unknown}
 s - 2 scrolls of magic mapping
 t - a scroll of blinking {unknown}
 w - a scroll of amnesia {unknown}
 E - 2 scrolls of identify
Potions
 h - 2 potions of flight
 i - 7 potions of curing
 k - a potion of degeneration {unknown}
 l - a potion of brilliance {unknown}
 u - 3 potions of magic
 v - a potion of might {unknown}
 z - a potion of ambrosia {unknown}
 A - a potion of heal wounds
Comestibles
 f - 6 bread rations
 q - a royal jelly
 C - 8 fruits


   Skills:
 - Level 3.0 Fighting
 * Level 9.9 Slings
 + Level 5.1 Dodging
 - Level 1.1 Stealth
 + Level 3.1 Shields


You had 7 spell levels left.
You didn't know any spells.

Dungeon Overview and Level Annotations

Branches:
Dungeon (5/15)             Temple (0/1) D:5

Altars:
Elyvilon
Gozag
Hepliaklqana
Makhleb
Nemelex Xobeh
Yredelemnul
Zin
The Shining One

Shops:
D:5 [


Innate Abilities, Weirdness & Mutations

You are small and have problems with some larger weapons.
You are somewhat resistant to further mutation.


Message History

The ogre closely misses you.
Firing (i - inventory. (,) - cycle):
e - 220 stones (quivered)
Press: ? - help, Shift-Dir - straight line, f/p - ogre
Aim: an ogre, wielding a giant club (heavily wounded)
You shoot a stone. The stone hits the ogre.
The ogre is heavily wounded.
Firing (i - inventory. (,) - cycle):
e - 219 stones (quivered)
Press: ? - help, Shift-Dir - straight line, f/p - ogre
Aim: an ogre, wielding a giant club (heavily wounded)
You shoot a stone. The stone hits the ogre.
The ogre is heavily wounded.
The ogre hits you with a giant club!!
Firing (i - inventory. (,) - cycle):
e - 218 stones (quivered)
Press: ? - help, Shift-Dir - straight line, f/p - ogre
Aim: an ogre, wielding a giant club (heavily wounded)
You shoot a stone. The stone hits the ogre!
The ogre is almost dead.
The ogre hits you with a giant club!!
Ouch! That really hurt!
You die...

..................# #.##...##.#
........####......###.##...##.#
.....##..# #########.......##.#
.#...###.###.8..∩..8.......##.#
.#..................†>.....##.#
.###.####.######(###......###.#
.....## #.## #.# #......# #.#
..⌠...###..#####O# #......# #.#
..............##@# #......# #.#
.###.##.......##'###......# #.#
.#....#.......#...######### #.#
.#............#...# #.#
.....##.......#...# #.#
#######.......#...# #.# #
#.......##.## #.# #
#.......##.# #.# # #######..#.#
#.#


You could see an ogre.

Vanquished Creatures
  An ice beast (D:4)
  A sky beast (D:5)
  A crimson imp (D:5)
  3 hounds
  A jelly (D:4)
  A bullfrog skeleton (D:5)
  An orc priest (D:3)
  A worker ant (D:2)
  Ijyb (D:4)
  A hound zombie (D:5)
  2 hound skeletons
  A gnoll (D:4)
  9 adders
  4 river rats
  3 oozes
  A worm (D:2)
  A dart slug (D:1)
  6 orcs
  8 giant cockroaches
  15 goblins
  9 hobgoblins
  7 jackals
  7 kobolds
  2 quokkas
  5 ball pythons
  7 bats
  11 frilled lizards
  10 rats
  2 bushes
122 creatures vanquished.

Notes
Turn   | Place    | Note
-------+----------+-------------------------------------------
     0 | D:1      | Ivernyr the Halfling Hunter began the quest for the Orb.
     0 | D:1      | Reached XP level 1. HP: 14/14 MP: 1/1
    48 | D:1      | Reached skill level 6 in Slings
   286 | D:1      | Reached XP level 2. HP: 18/19 MP: 2/2
   624 | D:1      | Reached XP level 3. HP: 16/24 MP: 3/3
  1528 | D:2      | Found a hazy altar of Hepliaklqana.
  1720 | D:2      | Reached XP level 4. HP: 28/30 MP: 4/4
  1858 | D:2      | Found a glowing silver altar of Zin.
  2663 | D:3      | Found a glowing drain.
  2678 | D:3      | Reached skill level 7 in Slings
  2689 | Sewer    | Entered a sewer
  2699 | Sewer    | Reached XP level 5. HP: 31/36 MP: 5/5
  3833 | D:3      | Reached XP level 6. HP: 33/42 MP: 6/6
  4178 | D:3      | Reached skill level 8 in Slings
  4261 | D:3      | Found a white marble altar of Elyvilon.
  4281 | D:3      | Became a worshipper of Elyvilon the Healer
  4337 | D:3      | Found a basalt altar of Yredelemnul.
  4506 | D:4      | Reached skill level 1 in Shields
  4508 | D:4      | Found a burning altar of Makhleb.
  4510 | D:4      | Found an opulent altar of Gozag.
  4512 | D:4      | Found a glowing golden altar of the Shining One.
  5318 | D:4      | Noticed an ice beast
  5331 | D:4      | Killed an ice beast
  5331 | D:4      | Reached skill level 9 in Slings
  5331 | D:4      | Reached XP level 7. HP: 26/46 MP: 7/7
  5499 | D:4      | Got a wavering diamond amulet
  5500 | D:4      | Identified the amulet "Pocredisei" {Gourm rPois Int-4 SInv} (You found it on level 4 of the Dungeon)
  5614 | D:4      | Reached * piety under Elyvilon
  5885 | D:4      | Noticed Ijyb
  5926 | D:4      | Killed Ijyb
  6223 | D:5      | Entered Level 5 of the Dungeon
  6305 | D:5      | Found a staircase to the Ecumenical Temple.
  6333 | D:5      | Found Foejahen's Armour Shop.
  6421 | D:5      | Reached skill level 5 in Dodging
  6576 | D:5      | Reached XP level 8. HP: 27/52 MP: 8/8
  6799 | D:5      | Found a sparkling altar of Nemelex Xobeh.
  6973 | D:5      | Mangled by an ogre

Skill      XL: |  1  2  3  4  5  6  7 |
---------------+----------------------+-----
Slings         | 6 7 9 |  9.9
Fighting       | 2 3 |  3.0
Dodging        | 3 4 5 |  5.1
Shields        | 2 3 |  3.1
Stealth        | |  1.1

Action                   |  1- 3 |  4- 6 |  7- 9 || total
-------------------------+-------+-------+-------++-------
Melee: Short sword       |   111 |   568 |   100 ||   779
 Fire: Hunting sling     |    10 |    87 |       ||    97
       Fustibalus        |       |    26 |    58 ||    84
  Use: Scroll            |       |       |     8 ||     8
 Stab: Sleeping          |       |     3 |     1 ||     4
  Eat: Chunk             |     3 |    12 |     5 ||    20
Armor: Leather armour    |    22 |    36 |    25 ||    83
Dodge: Dodged            |   108 |   176 |   114 ||   398
